 Dungeon Crawl Stone Soup version 0.30-a0-596-g0af90f9a20 (webtiles) character file.

Game seed: 16826190833652075608

1474 Strat the Trooper (level 9, -2/81 HPs)
             Began as a Meteoran Wanderer on Jan 6, 2023.
             Was a Believer of Vehumet.
             Slain by a killer bee (4 damage)
             ... on level 7 of the Dungeon.
             The game lasted 00:15:18 (2260 turns).

Strat the Trooper (Meteoran Wanderer)               Turns: 2260, Time: 00:15:18

Health: -2/81      AC:  7    Str: 16    XL:     9   Next: 27%
Magic:  16/16      EV:  9    Int: 16    God:    Vehumet [**....]
Gold:   299        SH:  0    Dex: 14    Spells: 8/16 levels left

rFire   . . .      SeeInvis .    a - +2 dagger (venom)
rCold   . . .      Faith    .    (no shield)
rNeg    . . .      Spirit   .    c - +0 scale mail
rPois   .          Reflect  .    (no helmet)
rElec   .          Harm     .    (no cloak)
rCorr   .          Rampage  .    (no gloves)
Will    ++...                    (no boots) Stlth
                                 (no amulet)
HPRegen 0.33/turn                p - ring of willpower
MPRegen 0.15/turn                (no ring)

@: hasted, glowing, very quick
A: sense surroundings 2, otherworldly, glowing, explore regen
a: Renounce Religion


You were on level 7 of the Dungeon.
You worshipped Vehumet.
Vehumet was pleased with you.
You visited 1 branch of the dungeon, and saw 7 of its levels.

You collected 299 gold pieces.

Inventory:

Hand Weapons
 a - a +2 dagger of venom (weapon)
 l - a +0 club
 n - a +0 mace
 t - a +0 scimitar
Missiles
 g - 6 poisoned darts (quivered)
 q - 2 boomerangs of dispersal
 x - 4 curare-tipped darts
Armour
 c - a +0 scale mail (worn)
 e - a +0 buckler
 u - a +1 robe of fire resistance
Magical Staves
 s - a staff of conjuration
Jewellery
 p - a ring of willpower (left hand)
 v - a +6 ring of dexterity
Scrolls
 b - 3 scrolls of teleportation
 w - 2 scrolls of fog
 y - a scroll of amnesia {unknown}
Potions
 d - 2 potions of brilliance {unknown}
 f - a potion of berserk rage {unknown}
 h - a potion of degeneration
 i - a potion of might {unknown}
 j - a potion of experience {unknown}
 k - a potion of curing
 o - a potion of resistance {unknown}
 r - a potion of haste
 z - a potion of flight {unknown}


   Skills:
 + Level 7.9 Fighting
 - Level 5.0 Armour
 - Level 1.0 Stealth
 - Level 4.0 Spellcasting
 - Level 7.0 Conjurations
 - Level 5.0 Earth Magic


You had 8 spell levels left.
You knew the following spells:

 Your Spells              Type           Power      Damage    Failure   Level
a - Sandblast             Erth           38%        2d10      7%          1
b - Stone Arrow           Conj/Erth      44%        3d9       14%         3
c - Sticky Flame          Conj/Fire      14%        2d4       78%         4

Your spell library contained the following spells:

 Spells                   Type           Power      Damage    Failure   Level
 Poisonous Vapours        Pois/Air       6%         N/A       63%         2
 Magic Dart               Conj           100%       1d8       3%          1
 Shock                    Conj/Air       56%        1d6       13%         1
 Hailstorm                Conj/Ice       14%        3d5       36%         3
 Ignite Poison            Fire/Tmut/Pois 3%         N/A       86%         3
 Passage of Golubria      Tloc           3%         N/A       99%         4
 Silence                  Hex/Air        1%         N/A       100%        5
 Ignition                 Fire           1%         3d3       100%        8
 Lehudib's Crystal Spear  Conj/Erth      11%        10d4      100%        8


Dungeon Overview and Level Annotations

Branches:
Dungeon (7/15) Zot: 1866   Temple (0/1) D:4

Altars:
Cheibriados
Nemelex Xobeh
Vehumet

Shops:
D:2 [[   D:3 (   D:6 [


Innate Abilities, Weirdness & Mutations

You passively map the area around you.
You are easily found by Zot.
You glow in the dark.
You regain HP and MP as you explore.


Message History

The killer bee buzzes angrily.
You hear an angry buzzing noise.
The killer bee closely misses you.
The killer bee stings you but does no damage.
You closely miss the killer bee.
The killer bee is severely wounded.
You feel sick. The killer bee stings you.
* * * LOW HITPOINT WARNING * * *
A killer bee comes into view.
The killer bee closely misses you.
You feel yourself speed up.
You feel sick.
The killer bee buzzes angrily.
The killer bee stings you.
* * * LOW HITPOINT WARNING * * *
You are more poisoned.
The killer bee poisons you! The killer bee stings you.
* * * LOW HITPOINT WARNING * * *
You are more poisoned.
The killer bee poisons you! The killer bee stings you.
* * * LOW HITPOINT WARNING * * *
You are lethally poisoned!
The killer bee poisons you!
* * * LOW HITPOINT WARNING * * *
You feel very sick.
The killer bee attacks as you move away!
The killer bee stings you.
* * * LOW HITPOINT WARNING * * *
You are more poisoned.
The killer bee poisons you!
* * * LOW HITPOINT WARNING * * *
You feel very sick.
* * * LOW HITPOINT WARNING * * *
You feel very sick. The killer bee closely misses you.
The killer bee stings you.
* * * LOW HITPOINT WARNING * * *
* * * LOW HITPOINT WARNING * * *
You feel very sick.
You feel better. The killer bee stings you!
* * * LOW HITPOINT WARNING * * *
The killer bee stings you.
You die...

* , ..... #.....### *
#...##.......#
...#....#.......# **
........#.......#### ,*
* ##.....#)<.........##
##....##...........# *
#.........##......## ,
#........>.........## ,
,.........@...........##
...###...yy.#.##.###...#
,, ............###..#
...#
,.......y......###...# *
, ,
.#....o.....<......## *
#.o##..............###
,*
......................#
,*
....o.......#........##
8 ,
....................##


You could see 3 killer bees and 2 orcs.

Vanquished Creatures
  A water moccasin (D:6)
  An ice beast (D:7)
  An ogre (D:5)
  A centaur (D:5)
  Blork the orc (D:5)
  3 necrophages
  3 scorpions
  A killer bee (D:7)
  A howler monkey (D:6)
  2 jellies (D:6)
  A gnoll bouda (D:7)
  2 orc priests (D:4)
  5 hounds
  2 iguanas
  2 orc wizards
  2 gnolls (D:6)
  6 adders
  2 shadow imps (D:7)
  3 white imps
  2 ufetubi (D:6)
  A worm (D:2)
  4 dart slugs
  13 orcs
  8 ball pythons
  3 endoplasms
  3 giant cockroaches
  2 goblins
  4 hobgoblins
  8 jackals
  8 kobolds
  2 quokkas (D:4)
  6 bats
  3 frilled lizards
  4 rats
111 creatures vanquished.

Notes
Turn   | Place    | Note
-------+----------+-------------------------------------------
     0 | D:1      | Strat the Meteoran Wanderer began the quest for the Orb.
     0 | D:1      | Strat set off with the following items: a +0 club, a scroll
                  | of teleportation, a +0 scale mail; and the following spells
                  | available to memorise: Magic Dart, Sandblast, Shock, Stone
                  | Arrow, Hailstorm.
     0 | D:1      | Reached XP level 1. HP: 14/14 MP: 5/5
     2 | D:1      | Learned a level 1 spell: Sandblast
    61 | D:1      | Reached XP level 2. HP: 20/20 MP: 1/6
   225 | D:1      | Reached XP level 3. HP: 22/26 MP: 2/8
   440 | D:2      | Learned a level 3 spell: Stone Arrow
   479 | D:2      | Reached XP level 4. HP: 33/33 MP: 7/9
   503 | D:2      | Found Wenlur's Armour Shoppe.
   583 | D:2      | Found Hommiyge's Armour Shop.
   746 | D:3      | Found Tarun's Antique Weapon Shop.
   824 | D:3      | Reached skill level 5 in Earth Magic
   824 | D:3      | Reached XP level 5. HP: 16/38 MP: 10/10
   935 | D:3      | Found a snail-covered altar of Cheibriados.
   935 | D:3      | Found a faded altar of an unknown god.
   945 | D:3      | Found a sparkling altar of Nemelex Xobeh.
   947 | D:3      | Found a faded altar of an unknown god.
   953 | D:3      | Found a radiant altar of Vehumet.
   959 | D:3      | Became a worshipper of Vehumet
  1156 | D:4      | Noticed a necrophage
  1167 | D:4      | Killed a necrophage
  1168 | D:4      | Reached skill level 5 in Conjurations
  1168 | D:4      | Reached XP level 6. HP: 39/45 MP: 6/11
  1202 | D:4      | Reached skill level 1 in Fighting
  1341 | D:4      | Found a staircase to the Ecumenical Temple.
  1411 | D:4      | Reached XP level 7. HP: 53/57 MP: 12/12
  1441 | D:5      | Entered Level 5 of the Dungeon
  1449 | D:5      | Reached * piety under Vehumet
  1449 | D:5      | Offered knowledge of Foxfire by Vehumet.
  1526 | D:5      | Reached skill level 5 in Fighting
  1639 | D:5      | Noticed Blork the orc
  1654 | D:5      | HP: 2/61 [Blork the orc/+0 scimitar (14)]
  1658 | D:5      | Killed Blork the orc
  1659 | D:5      | Reached XP level 8. HP: 16/68 MP: 14/14
  1790 | D:5      | Reached skill level 5 in Armour
  1913 | D:6      | Learned a level 4 spell: Sticky Flame
  1917 | D:6      | Found Zapumih's Armour Boutique.
  2062 | D:7      | Gained mutation: You passively map the area around you.
                  | [Meteoran growth]
  2062 | D:7      | Reached XP level 9. HP: 64/78 MP: 9/16
  2172 | D:7      | Offered knowledge of Poisonous Vapours by Vehumet.
  2203 | D:7      | Reached ** piety under Vehumet
  2258 | D:7      | HP: 4/81 [killer bee (5)]
  2259 | D:7      | HP: 1/81 [poisoned by a killer bee]
  2260 | D:7      | Slain by a killer bee

Illustrated notes

Levels and vault maps discovered:
D:1:      heliophobic_arrival_henge, layout_loops_ring
D:2:      layout_rooms, serial_shops, shop, nicolae_shop_waterfront,
          grunt_ministairs_10
D:3:      layout_loops_ring, chequers_temple_overflow_minitemple, serial_shops,
          shop, minmay_misc_feat_doors
D:4:      layout_loops_ring, amethyst_overflow_temple_binary, temple_pool_b
D:5:      minmay_inner_zag, layout_rooms, uniq_blork_the_orc
D:6:      layout_rooms, serial_shops, nicolae_shop_waterfront,
          portal_sewer_entry_b, skrybe_limestone_x, mrwooster_statue_mirror
D:7:      layout_cave_pools, serial_shops, shop_statue, st_stairs_1

Skill      XL: |  1  2  3  4  5  6  7  8  9 |
---------------+----------------------------+-----
Earth Magic    | 3 4 5 |  5.0
Conjurations   | 4 5 6 7 |  7.0
Fighting       | 3 5 6 7 |  7.9
Armour         | 3 5 |  5.0
Spellcasting   | 3 4 |  4.0
Stealth        | |  1.0

Action                   |  1- 3 |  4- 6 |  7- 9 || total
-------------------------+-------+-------+-------++-------
Melee: Club              |    39 |       |       ||    39
       Punch             |     1 |     1 |     3 ||     5
       Dagger            |       |    88 |   117 ||   205
 Cast: Sandblast         |    30 |    33 |    69 ||   132
Evoke: Wand              |       |     2 |     8 ||    10
  Use: Scroll            |       |     3 |     2 ||     5
       Potion            |       |       |     7 ||     7
Armor: Scale mail        |    48 |    60 |    87 ||   195
Dodge: Dodged            |    29 |    42 |    93 ||   164

Table legend: (Time is in decaauts)
 A = Elapsed time spent in this place.
 B = Non-inter-level travel time spent in this place.
 C = Inter-level travel time spent in this place.
 D = Time resting spent in this place.
 E = Time spent auto-exploring this place.
 F = Levels seen in this place.
 G = Mean time per level.
                   A        B        C        D        E       F      G
               +--------+--------+--------+--------+--------+-----+--------+
         Total |   2333 |   2166 |    167 |      2 |      0 |   7 |  333.3 |
       Dungeon |   2333 |   2166 |    167 |      2 |      0 |   7 |  333.3 |
               +--------+--------+--------+--------+--------+-----+--------+

Top non-repeatable levels by time:
     D:5: 461 daAuts
     D:4: 430 daAuts
     D:1: 402 daAuts
     D:2: 353 daAuts
     D:3: 295 daAuts
     D:7: 217 daAuts
     D:6: 171 daAuts
